 Dungeon Crawl Stone Soup version 0.27.1-3-gb3d3a73c9e (webtiles) character file.

Game seed: 4151494096862445380

99573 earthworldpsion the Bludgeoner (level 15, -22/141 HPs)
             Began as a Minotaur Berserker on Oct 20, 2021.
             Was a High Priest of Trog.
             Killed by the raging water
             ... invoked by a water nymph
              (26 damage)
             ... on level 2 of the Shoals on Oct 21, 2021.
             The game lasted 01:17:26 (21016 turns).

earthworldpsion the Bludgeoner (MiBe)              Turns: 21016, Time: 01:17:27

Health: -22/141    AC: 25    Str: 35    XL:     15   Next: 78%
Magic:  14/14      EV: 14    Int: 11    God:    Trog [*****.]
Gold:   1349       SH: 10    Dex: 11    Spells: 14/14 levels left

rFire    . . .     SeeInvis .   a - +8 broad axe of Resonant Tortfeasance {freeze, *Noise rCorr Int+4}
rCold    . . .     Faith    .   Z - +2 buckler
rNeg     . . .     Spirit   .   Q - +3 plate armour of Qeckanke {rElec rCorr Int+3}
rPois    +         Reflect  +   (helmet restricted)
rElec    +         Harm     .   (no cloak)
rCorr    +         Rampage  .   (no gloves)
Will     +++..                  E - +0 pair of boots of Suizaemo {rPois Regen+}
Stlth    ..........             C - amulet of reflection
HPRegen  2.33/turn              g - +6 ring of strength
MPRegen  0.14/turn              j - +4 ring of protection

@: lethally poisoned (-22 -> -25), strong-willed, mesmerised, regenerating,
studying 2 skills, very slow
A: horns 2, retaliatory headbutt, agile 1
a: Renounce Religion, Berserk, Trog's Hand, Brothers in Arms


You were on level 2 of the Shoals.
You worshipped Trog.
Trog was extremely pleased with you.
You visited 5 branches of the dungeon, and saw 26 of its levels.
You also visited: Bailey and Volcano.

You collected 3192 gold pieces.
You spent 1843 gold pieces at shops.

Inventory:

Hand Weapons
 a - the +8 broad axe of Resonant Tortfeasance (weapon) {freeze, *Noise rCorr Int+4}
   (You bought it in a shop on level 2 of the Orcish Mines)

   It freezes those it strikes, dealing additional cold damage.
   It can also slow down cold-blooded creatures.
   Int:       It affects your intelligence (+4).
   *Noise:    It may make noises in combat.
   rCorr:     It protects you from acid and corrosion.
 m - the +5 war axe "Xidarimm" {vorpal, rF+}
   (You found it on level 5 of the Lair of Beasts)

   It inflicts extra damage upon your enemies.
   rF:        It protects you from fire.
 z - a +2 war axe of flaming
 R - the +1 eveningstar "Igywoqum" {antimagic, rPois Will+ Str+4 Dex+4}
   (You acquired it on level 11 of the Dungeon)

   It reduces the magical energy of the wielder, and disrupts the spells and
   magical abilities of those it strikes.
   Natural abilities and divine invocations are not affected.
   Str:       It affects your strength (+4).
   Dex:       It affects your dexterity (+4).
   rPois:     It protects you from poison.
   Will:      It increases your willpower.
Armour
 E - the +0 pair of boots of Suizaemo (worn) {rPois Regen+}
   (You acquired it on level 8 of the Dungeon)

   rPois:     It protects you from poison.
   Regen:     It increases your rate of health regeneration.
 Q - the +3 plate armour of Qeckanke (worn) {rElec rCorr Int+3}
   (You bought it in a shop on level 15 of the Dungeon)

   Int:       It affects your intelligence (+3).
   rElec:     It insulates you from electricity.
   rCorr:     It protects you from acid and corrosion.
 Z - a +2 buckler (worn)
Jewellery
 g - a +6 ring of strength (left hand)
 i - a ring of protection from cold
 j - a +4 ring of protection (right hand)
 v - a ring of see invisible
 C - an amulet of reflection (around neck)
 F - a ring of protection from fire
Wands
 k - a wand of flame (31)
 l - a wand of paralysis (8)
 w - a wand of iceblast (57)
 A - a wand of mindburst (35)
 H - a wand of polymorph (24)
 U - a wand of charming (3) (quivered)
Scrolls
 b - 2 scrolls of fog {unknown}
 e - 11 scrolls of teleportation
 h - 3 scrolls of enchant weapon
 n - 3 scrolls of holy word
 q - 2 scrolls of blinking
 r - 4 scrolls of amnesia
 y - 2 scrolls of brand weapon
 D - 3 scrolls of torment
 M - 2 scrolls of silence {unknown}
 T - a scroll of fear {unknown}
 X - 2 scrolls of immolation {unknown}
Potions
 d - 4 potions of heal wounds
 f - 4 potions of haste
 o - 5 potions of degeneration
 p - 5 potions of cancellation
 s - 10 potions of ambrosia
 t - 6 potions of flight
 u - 4 potions of might
 x - a potion of brilliance {unknown}
 B - 11 potions of curing
 I - 2 potions of resistance
 O - 3 potions of magic {unknown}
 P - 2 potions of invisibility
 S - 5 potions of berserk rage
 V - 5 potions of lignification
 W - 2 potions of attraction {unknown}
Miscellaneous
 c - a piece from Xom's chessboard (15/15)


   Skills:
 + Level 15.6 Fighting
 + Level 12.8(17.0) Axes
 + Level 18.5(19.7) Maces & Flails
 + Level 15.4 Armour
 + Level 16.6 Dodging


You had 14 spell levels left.
You didn't know any spells.
Your spell library was empty.

Dungeon Overview and Level Annotations

Branches:
Dungeon (15/15)            Temple (0/1) D:6            Lair (6/6) D:11
 Shoals (2/4) Lair:3       Spider (0/4) Lair:3        Slime (0/5) Lair:5
    Orc (2/2) D:9             Elf (1/3) Orc:2        Depths (0/5) D:15
 Bailey (visited)         Volcano (visited)
 Vaults: D:13-14

Altars:
Ashenzari
Elyvilon
Fedhas
Gozag
Hepliaklqana
Makhleb
Nemelex Xobeh
Vehumet
Zin
The Shining One

Shops:
D:5 [   D:13 *=   D:15 [   Orc:2 *([=

Portals:
Abyss: Orc:2

Annotations:
D:13 3 runed translucent doors, no travel, exclusion: obsidian statue, earthworldpsion's ghost, journeyman MiBe
D:15 Roxanne


Innate Abilities, Weirdness & Mutations

You have a pair of horns on your head.
You reflexively headbutt those who attack you in melee.
You are agile. (Dex +2)


Message History

You block the sea snake's attack.
A merfolk comes into view. It is wielding a +0 trident.
The merfolk siren chants its luring song.
Your skin crawls.
You feel strong-willed.
You feel extremely sick. You block the sea snake's attack.
The merfolk hits you but does no damage.
The merfolk siren chants its luring song.
You are too mesmerised to rage.
You barely miss the water nymph. Your headbutt misses the water nymph.
You slice the sea snake!!
The sea snake seems to slow down.
You freeze the sea snake!
You kill the sea snake!
Trog accepts your kill.
You feel extremely sick. You block the merfolk's attack.
The merfolk siren chants its luring song.
The water nymph casts a spell at you. The water swirls and strikes you!
* * * LOW HITPOINT WARNING * * *
You slice the water nymph!! You freeze the water nymph!
The water nymph is almost dead.
You feel very sick. The merfolk barely misses you.
The merfolk siren chants its luring song.
The water nymph touches you. The water nymph drowns you!
* * * LOW HITPOINT WARNING * * *
Your unstable footing causes you to fumble your attack.
* * * LOW HITPOINT WARNING * * *
You feel very sick. The merfolk misses you.
The merfolk siren chants its luring song.
You closely miss the water nymph. Your headbutt misses the water nymph.
The water nymph is almost dead.
* * * LOW HITPOINT WARNING * * *
You feel very sick. The water nymph casts a spell at you.
The water swirls and strikes you!!
You die...

#.≈≈≈≈≈≈≈≈≈≈≈
..≈≈≈≈≈≈≈≈≈≈
.≈≈≈≈≈≈m≈≈≈ ≈.
#.≈≈≈≈≈≈≈≈≈≈≈≈≈ ≈≈≈
#.≈≈≈≈≈≈≈≈≈≈≈≈≈ ≈≈≈.
##.≈≈≈≈≈≈≈≈≈≈≈≈≈
≈≈≈≈####..≈≈≈≈≈≈≈≈≈≈≈≈≈
≈≈....#...≈)≈≈≈≈≈≈≈≈≈≈≈
≈≈≈≈≈....†@m≈≈≈≈≈≈≈≈≈≈≈
≈≈≈≈≈≈≈≈))..≈≈≈≈≈≈≈≈≈≈≈
≈≈≈≈≈≈).)..mm†≈≈≈≈≈≈≈≈≈
≈≈≈≈.≈≈).###..≈≈≈≈≈≈≈≈≈
≈≈≈≈≈≈≈)## #.<≈≈≈≈≈≈≈≈≈
≈≈≈≈≈≈≈.# #..≈≈≈≈≈≈≈≈≈
≈≈≈≈≈≈≈.# #..≈≈≈≈≈≈≈≈≈≈
≈≈..≈≈≈......≈≈≈≈.≈≈≈≈≈
≈>≈≈≈≈≈≈≈≈≈≈≈≈≈≈≈....≈.


You could see 2 merfolk, a merfolk siren (mesmerising) and a water nymph.

Vanquished Creatures
  Jorgrun (Orc:2)
  A kraken (Shoals:1)
  2 orc warlords (Orc:2)
  A stone giant (Volcano)
  A very ugly thing (Orc:2)
  A fire dragon (D:13)
  Josephine (D:15)
  A boulder beetle (D:13)
  2 rakshasas
  9 hydras
  A merfolk avatar (Lair:6)
  3 two-headed ogres
  A centaur warrior (D:13)
  2 catoblepae
  The ghost of Urokeeper the Swashbuckler, a journeyman KoBr of Dithmenos (Orc:2)
  A dancing weapon (Elf:1)
  A merfolk aquamancer (Shoals:1)
  3 tengu warriors (D:15)
  4 orc high priests (Orc:2)
  Nergalle (Lair:1)
  8 slime creatures
  Sonja (D:12)
  2 skeletal warriors (D:15)
  2 sea snakes
  A flayed ghost (D:15)
  A harpy (Lair:6)
  A necromancer (D:15)
  A wolf spider (D:15)
  4 orc knights
  4 orc sorcerers (Orc:2)
  Pikel (D:5)
  2 deep elf pyromancers
  An ugly thing (Orc:2)
  6 manticores
  4 fauns (Shoals:2)
  5 cyclopes
  A worldbinder (Orc:2)
  A frost giant zombie (D:15)
  Joseph (D:8)
  3 merfolk sirens
  8 elephants
  4 black mambas
  A water nymph (Shoals:1)
  A torpor snail (Lair:2)
  10 cane toads
  2 molten gargoyles (Volcano)
  5 unseen horrors
  2 gargoyles
  7 komodo dragons
  An efreet (Volcano)
  5 rime drakes
  A yaktaur (Shoals:1)
  A kobold demonologist (D:12)
  6 trolls
  3 tengu conjurers (D:15)
  5 merfolk
  An ancient zyme (Orc:2)
  A hornet (Lair:5)
  A queen bee (Lair:3)
  Prince Ribbit (D:5)
  3 polar bears
  4 wind drakes
  3 snapping turtles
  26 blink frogs
  3 ice dragon skeletons (D:15)
  A centaur simulacrum (D:15)
  A spriggan (Lair:4)
  An air elemental (Elf:1)
  4 wraiths (D:15)
  2 vampires
  56 yaks
  3 fire elementals (Volcano)
  3 water elementals
  6 basilisks
  A fire bat (Volcano)
  7 wyverns
  4 vampire mosquitoes
  A steam dragon (D:8)
  Grum (D:8)
  5 wargs (Orc:2)
  2 acid dragons
  11 water moccasins
  30 orc warriors
  A sky beast (D:5)
  An ice beast (D:6)
  2 black bears
  26 wolves
  7 ogres
  10 centaurs
  A lemure (D:5)
  2 phantoms (D:14)
  4 kobold brigands
  15 bullfrogs
  A scorpion (D:7)
  34 killer bees
  A howler monkey (D:6)
  4 wights (D:8)
  6 lava snakes (Volcano)
  2 bullfrog zombies (D:6)
  2 centaur zombies
  2 jellies (Lair:5)
  A hound (D:5)
  8 orc priests
  3 centaur skeletons
  7 hell rats (Lair:3)
  9 iguanas
  6 orc wizards
  A killer bee zombie (D:4)
  2 howler monkey zombies
  7 adders
  17 gnolls
  A white imp (D:8)
  A worm (D:5)
  71 orcs
  8 ball pythons
  5 endoplasms
  A giant cockroach (D:1)
  10 goblins
  15 hobgoblins
  2 jackals (D:3)
  2 quokkas (D:3)
  10 bats
  3 frilled lizards (D:1)
  37 kobolds
  5 rats
  4 tentacles (Shoals:1)
689 creatures vanquished.

Vanquished Creatures (collateral kills)
  A fire bat (Volcano)
1 creature vanquished.

Vanquished Creatures (others)
  Asterion (Elf:1)
  A deep elf pyromancer (Elf:1)
  A manticore (Shoals:1)
  24 fungi
  34 plants
  4 tentacles (Shoals:1)
  6 toadstools (D:6)
  12 withered plants (D:15)
83 creatures vanquished.

Grand Total: 773 creatures vanquished

Notes
Turn   | Place    | Note
-------+----------+-------------------------------------------
     0 | D:1      | earthworldpsion the Minotaur Berserker began the quest for
                  | the Orb.
     0 | D:1      | Reached XP level 1. HP: 19/19 MP: 0/0
   121 | D:1      | Reached XP level 2. HP: 27/27 MP: 1/1
   213 | D:1      | Found a faded altar of an unknown god.
   216 | D:1      | Reached ** piety under Trog
   681 | D:2      | Reached skill level 4 in Maces & Flails
   934 | D:2      | Reached XP level 3. HP: 15/33 MP: 2/2
  2017 | D:3      | Reached XP level 4. HP: 40/40 MP: 3/3
  2669 | D:4      | Reached XP level 5. HP: 47/47 MP: 4/4
  3087 | D:5      | Entered Level 5 of the Dungeon
  3090 | D:5      | Reached skill level 5 in Maces & Flails
  3131 | D:5      | Found Bippeust's Antique Armour Boutique.
  3156 | D:5      | Noticed an ogre
  3161 | D:5      | Killed an ogre
  3162 | D:5      | Reached skill level 5 in Fighting
  3162 | D:5      | Reached XP level 6. HP: 56/56 MP: 5/5
  3489 | D:5      | Reached skill level 5 in Armour
  3489 | D:5      | Reached XP level 7. HP: 62/62 MP: 6/6
  3514 | D:5      | Noticed Pikel
  3532 | D:5      | Killed Pikel
  3533 | D:5      | Reached skill level 6 in Maces & Flails
  3533 | D:5      | Reached skill level 5 in Dodging
  3562 | D:5      | Reached XP level 8. HP: 64/71 MP: 7/7
  3620 | D:5      | Noticed Prince Ribbit
  3634 | D:5      | Killed Prince Ribbit
  3635 | D:5      | Reached skill level 7 in Maces & Flails
  3932 | D:5      | Reached *** piety under Trog
  4658 | D:6      | Found a staircase to the Ecumenical Temple.
  5621 | D:7      | Reached skill level 8 in Maces & Flails
  5621 | D:7      | Reached XP level 9. HP: 77/81 MP: 8/8
  6219 | D:8      | Identified 2 scrolls of acquirement
  6220 | D:8      | Acquired the +0 pair of boots of Suizaemo {rPois Regen+}
  6227 | D:8      | Acquired 760 gold pieces
  6582 | D:8      | Noticed Grum
  6598 | D:8      | Killed Grum
  6656 | D:8      | Reached skill level 9 in Maces & Flails
  6777 | D:8      | Noticed Joseph
  6790 | D:8      | Killed Joseph
  7139 | D:8      | Reached XP level 10. HP: 91/91 MP: 9/9
  7161 | D:8      | Reached **** piety under Trog
  7531 | D:9      | Reached skill level 10 in Fighting
  7531 | D:9      | Reached skill level 10 in Maces & Flails
  7842 | D:9      | Found a staircase to the Orcish Mines.
  7849 | D:9      | Reached skill level 1 in Axes
  7900 | D:9      | Noticed a two-headed ogre
  7908 | D:9      | Killed a two-headed ogre
  7909 | D:9      | Reached skill level 10 in Armour
  8107 | D:10     | Entered Level 10 of the Dungeon
  8107 | D:10     | Found a broken altar of Ashenzari.
  8167 | D:10     | Found a burning altar of Makhleb.
  8168 | D:10     | Found a glowing silver altar of Zin.
  8169 | D:10     | Found a glowing golden altar of the Shining One.
  8171 | D:10     | Found a blossoming altar of Fedhas.
  8172 | D:10     | Found a radiant altar of Vehumet.
  8303 | D:10     | Found a hazy altar of Hepliaklqana.
  8345 | D:10     | Noticed a two-headed ogre
  8352 | D:10     | Killed a two-headed ogre
  8353 | D:10     | Reached XP level 11. HP: 101/101 MP: 10/10
  8750 | D:11     | Found a flagged portal.
  8761 | Bailey   | Entered a bailey
  8819 | Bailey   | Reached ***** piety under Trog
  9084 | D:11     | Found a frozen archway.
  9095 | D:11     | Reached skill level 11 in Maces & Flails
  9113 | D:11     | Acquired the +1 eveningstar "Igywoqum" {antimagic, rPois
                  | Will+ Str+4 Dex+4}
  9115 | D:11     | Acquired a manual of Maces & Flails
  9151 | D:11     | Reached skill level 10 in Dodging
  9159 | D:11     | Reached skill level 5 in Axes
  9436 | D:11     | Found a staircase to the Lair.
  9625 | D:12     | Noticed Sonja
  9657 | D:12     | Killed Sonja
  9768 | D:12     | Reached skill level 12 in Maces & Flails
 10239 | D:12     | Gained mutation: Your spells are a little harder to cast,
                  | but a little more powerful. [potion of mutation]
 10241 | D:12     | Lost mutation: Your spells are a little harder to cast, but
                  | a little more powerful. [potion of mutation]
 10241 | D:12     | Gained mutation: Your mind is acute. (Int +2) [potion of
                  | mutation]
 10241 | D:12     | Gained mutation: You are partially covered in iridescent
                  | scales. (AC +2) [potion of mutation]
 10273 | D:12     | Lost mutation: You are partially covered in iridescent
                  | scales. (AC +2) [potion of mutation]
 10273 | D:12     | Lost mutation: Your mind is acute. (Int +2) [potion of
                  | mutation]
 10273 | D:12     | Gained mutation: You are frail. (-10% HP) [potion of
                  | mutation]
 10273 | D:12     | Gained mutation: You have large cloven feet. [potion of
                  | mutation]
 10274 | D:12     | Lost mutation: You have large cloven feet. [potion of
                  | mutation]
 10274 | D:12     | Lost mutation: You are frail. (-10% HP) [potion of
                  | mutation]
 10274 | D:12     | Gained mutation: You occasionally shout uncontrollably at
                  | your foes. [potion of mutation]
 10275 | D:12     | Lost mutation: You occasionally shout uncontrollably at
                  | your foes. [potion of mutation]
 10275 | D:12     | Gained mutation: You are dopey. (Int -2) [potion of
                  | mutation]
 10276 | D:12     | Lost mutation: You are dopey. (Int -2) [potion of mutation]
 10276 | D:12     | Gained mutation: You are agile. (Dex +2) [potion of
                  | mutation]
 10438 | D:12     | Noticed a rakshasa
 10442 | D:12     | Reached XP level 12. HP: 99/111 MP: 11/11
 10460 | D:12     | Killed a rakshasa
 10570 | D:13     | Found Neoshas's Jewellery Shop.
 10637 | D:13     | Noticed a boulder beetle
 10642 | D:13     | Killed a boulder beetle
 10749 | D:13     | Noticed a centaur warrior
 10761 | D:13     | Killed a centaur warrior
 10849 | D:13     | Noticed a fire dragon
 10865 | D:13     | Killed a fire dragon
 10866 | D:13     | Reached skill level 13 in Maces & Flails
 10968 | D:13     | Acquired a manual of Dodging
 10970 | D:13     | Acquired a +2 great mace of protection
 10993 | D:13     | Noticed a catoblepas
 11018 | D:13     | Killed a catoblepas
 11045 | D:13     | Found a runed translucent gate.
 11047 | D:13     | Found a runed translucent gate.
 11047 | D:13     | Found an opulent altar of Gozag.
 11062 | D:13     | Found a runed translucent gate.
 11065 | D:13     | Found Qalyto's Assorted Antiques.
 11067 | D:13     | Noticed earthworldpsion's ghost (journeyman MiBe)
 11070 | D:13     | Noticed a fire giant
 11075 | D:13     | Found a blossoming altar of Fedhas.
 11149 | D:13     | Noticed a four-headed hydra
 11159 | D:13     | Killed a one-headed hydra
 11679 | D:14     | Found a white marble altar of Elyvilon.
 11679 | D:14     | Noticed a rakshasa
 11691 | D:14     | Killed a rakshasa
 11851 | D:14     | You fall into a shaft and drop 1 floor!
 11851 | D:15     | Entered Level 15 of the Dungeon
 11857 | D:15     | Noticed a tengu warrior
 11876 | D:15     | Killed a tengu warrior
 11904 | D:15     | Noticed a tengu warrior
 11928 | D:15     | Killed a tengu warrior
 11929 | D:15     | Reached skill level 14 in Maces & Flails
 12188 | D:15     | Noticed a seven-headed hydra
 12198 | D:15     | Reached XP level 13. HP: 119/119 MP: 12/12
 12200 | D:15     | Noticed Josephine
 12227 | D:15     | Killed Josephine
 12283 | D:15     | Found a staircase to the Depths.
 12354 | D:15     | Found a glowing golden altar of the Shining One.
 12363 | D:15     | Found Zokuuzxu's Armour Shop.
 12367 | D:15     | Bought the +0 scale mail of the Will of the Gods {*Corrode
                  | Str+8} for 355 gold pieces
 12373 | D:15     | Bought the +3 plate armour of Qeckanke {rElec rCorr Int+3}
                  | for 1022 gold pieces
 12469 | D:15     | Identified Roxanne's Grimoire of Transformation
 12469 | D:15     | Noticed Roxanne
 12565 | D:15     | Found a hazy altar of Hepliaklqana.
 12664 | D:15     | Reached skill level 15 in Maces & Flails
 12928 | Orc:1    | Entered Level 1 of the Orcish Mines
 13108 | Orc:2    | Entered Level 2 of the Orcish Mines
 13108 | Orc:2    | Found a staircase to the Elven Halls.
 13254 | Orc:2    | Found Uzokluagot's Antique Weapon Emporium.
 13278 | Orc:2    | Received a gift from Trog
 13296 | Orc:2    | Bought a smouldering broad axe for 306 gold pieces
 13296 | Orc:2    | Identified the +8 broad axe of Resonant Tortfeasance
                  | {freeze, *Noise rCorr Int+4} (You bought it in a shop on
                  | level 2 of the Orcish Mines)
 13377 | Orc:2    | Noticed an orc warlord
 13377 | Orc:2    | Found Mamidalo's General Store.
 13797 | Orc:2    | Reached skill level 10 in Axes
 13817 | Orc:2    | HP: 5/122 [troll (8)]
 13927 | Orc:2    | Killed an orc warlord
 14020 | Orc:2    | Bought a scroll of teleportation for 42 gold pieces
 14041 | Orc:2    | Found Uppoleits's Antique Armour Shop.
 14074 | Orc:2    | Bought an embroidered robe for 118 gold pieces
 14079 | Orc:2    | Found a transporter.
 14084 | Orc:2    | Noticed a purple very ugly thing
 14097 | Orc:2    | Found a transporter.
 14149 | Orc:2    | Noticed Jorgrun
 14165 | Orc:2    | Killed Jorgrun
 14166 | Orc:2    | Reached skill level 16 in Maces & Flails
 14166 | Orc:2    | Reached XP level 14. HP: 130/130 MP: 13/13
 14256 | Orc:2    | Found Amocau's Jewellery Shop.
 14343 | Orc:2    | Noticed an orc warlord
 14356 | Orc:2    | Noticed Urokeeper's ghost (journeyman KoBr)
 14571 | Orc:2    | Killed Urokeeper's ghost
 14594 | Orc:2    | Killed a purple very ugly thing
 14662 | Orc:2    | Found a one-way gate to the infinite horrors of the Abyss.
 14672 | Orc:2    | Killed an orc warlord
 14791 | Elf:1    | Entered Level 1 of the Elven Halls
 14804 | Elf:1    | Paralysed by an air elemental for 1 turns
 14810 | Elf:1    | Noticed Asterion
 14824 | Elf:1    | Killed Asterion
 15098 | Lair:1   | Entered Level 1 of the Lair of Beasts
 15098 | Lair:1   | Noticed Nergalle
 15102 | Lair:1   | Killed Nergalle
 15128 | Lair:1   | Received a gift from Trog
 15246 | Lair:1   | Found a sparkling altar of Nemelex Xobeh.
 16111 | Lair:2   | Reached skill level 15 in Dodging
 16116 | Lair:2   | Reached skill level 17 in Maces & Flails
 16406 | Lair:2   | Found a dark tunnel.
 16412 | Volcano  | Entered a volcano
 16718 | Volcano  | Found a bloodstained altar of Trog.
 16725 | Volcano  | Noticed a stone giant
 16737 | Volcano  | Killed a stone giant
 17258 | Lair:3   | Found a staircase to the Shoals.
 17563 | Lair:3   | Found a hole to the Spider Nest.
 17600 | Lair:3   | Reached ****** piety under Trog
 17867 | Lair:4   | Received a gift from Trog
 17986 | Lair:4   | Reached XP level 15. HP: 135/139 MP: 14/14
 17998 | Lair:4   | Identified the +0 scale mail "Ackios" {Drain rC+ Regen+
                  | Dex+3}
 18653 | Lair:5   | Reached skill level 15 in Fighting
 18736 | Lair:5   | Found a staircase to the Slime Pits.
 18742 | Lair:5   | Identified the +5 war axe "Xidarimm" {vorpal, rF+}
 19174 | Lair:6   | Entered Level 6 of the Lair of Beasts
 19275 | Lair:6   | Reached skill level 15 in Armour
 19284 | Lair:6   | Received a gift from Trog
 19293 | Lair:6   | Reached skill level 18 in Maces & Flails
 20137 | Shoals:1 | Entered Level 1 of the Shoals
 20170 | Shoals:1 | Noticed a kraken
 20178 | Shoals:1 | Killed a kraken
 20999 | Shoals:2 | Received a gift from Trog
 21015 | Shoals:2 | HP: 6/141 [poisoned by a sea snake]
 21016 | Shoals:2 | Killed from afar by a water nymph

Illustrated notes

Levels and vault maps discovered:
D:1:      roderic_octagonal_star, layout_rooms,
          hellmonk_ecumenical_altar_prayer_group, minmay_tetromino_t4
D:2:      layout_loops_ring, hex_medium
D:3:      layout_loops_ring, roderic_serpentine_path, patterned_corridor
D:4:      layout_rooms
D:5:      layout_rooms, serial_shops, shop_statue, uniq_prince_ribbit1,
          uniq_pikel
D:6:      layout_layer_cave, minmay_temple_entry_junction_2,
          minmay_gold_behind_fungi, grunt_ministairs_14
D:7:      layout_loops_corners
D:8:      layout_basic, uniq_joseph, uniq_grum
D:9:      layout_irregular_city, hiddenorc2_lemuel
D:10:     layout_roguey, grunt_temple_overflow_open,
          mainiacjoe_overflow_catwalk_spiral, amcnicky_mini_pool_small
D:11:     layout_basic, david_lair_generic, portal_ice_cave_rime, enter_bailey_4
D:12:     layout_loops_ring, uniq_sonja
D:13:     layout_basic, serial_shops, nicolae_shop_trees, ebering_ghost_gozag,
          fedhas_altar_3
D:14:     layout_cave_pools, lightli_vaults_fourway_checkpoint,
          nicolae_elyvilon_temple_path, hangedman_batty
D:15:     gammafunk_depths_entry_grave, layout_basic,
          nicolae_hepliaklqana_hippocampus, serial_shops, nicolae_shop_crystal,
          tso_oasis_becter, uniq_josephine, uniq_roxanne
Lair:1:   layout_chaotic_city, basic_altar, uniq_nergalle
Lair:2:   layout_regular_city, lightli_volcano_entry_magma_tube,
          hibernation_bobbens, serial_bayou_shore_b, grunt_megastairs_5
Lair:3:   layout_roguey [special_room_bee], shoals_dummy_entry,
          dummy_spider_entry
Lair:4:   layout_cellular_growth, st_stairs_9, wad_woods_03, lemuel_fruit_tree
Lair:5:   layout_loops_ring, minmay_slime_entry_pillars, grunt_megastairs_1
Lair:6:   gammafunk_lair_ancient_temple, layout_regular_city,
          lemuel_fruit_fields
Shoals:1: layout_shoals, yaktaur_hedge
Shoals:2: layout_shoals, uniq_ilsuiw
Orc:1:    layout_diamond_mine, minmay_orc_treasury
Orc:2:    grunt_orc_gardens, layout_caves, grunt_orc_garden, grunt_orc_garden,
          grunt_orc_garden, grunt_orc_garden, gammafunk_ghost_abyssal_escape,
          uniq_jorgrun
Elf:1:    eino_elf_arrival_shootout, layout_geoelf_octagon,
          hangedman_elf_represent, nicolae_take_the_stairs,
          hangedman_elven_crosses_minicolossus, uniq_asterion

Skill      XL: |  1  2  3  4  5  6  7  8  9 10 11 12 13 14 15 |
---------------+----------------------------------------------+-----
Fighting       | 4 5 6 7 9 10 11 12 13 14 15 | 15.6
Maces & Flails | 4 5 6 8 9 10 12 14 16 17 18 | 18.5
Armour         | 3 4 5 6 7 9 10 11 12 13 14 15 | 15.4
Dodging        | 3 4 5 6 8 9 10 12 14 15 16 | 16.6
Axes           | 3 6 8 10 11 12 | 12.8

Action                   |  1- 3 |  4- 6 |  7- 9 | 10-12 | 13-15 || total
-------------------------+-------+-------+-------+-------+-------++-------
Melee: Mace              |    64 |    75 |   209 |   104 |       ||   452
       Headbutt          |    13 |    15 |    59 |   151 |   211 ||   449
       Broad axe         |       |       |       |   293 |   711 ||  1004
       Hand axe          |       |       |       |   133 |   128 ||   261
       Great mace        |       |       |       |    14 |       ||    14
Invok: Berserk           |     1 |     2 |     8 |    15 |     9 ||    35
       Trog's Hand       |       |       |     6 |    12 |    11 ||    29
Evoke: Wand              |       |     7 |       |     8 |     8 ||    23
  Use: Scroll            |     1 |     2 |     7 |     9 |    11 ||    30
       Potion            |       |       |       |     6 |       ||     6
 Stab: Held in net/web   |       |       |       |       |     1 ||     1
Armor: Animal skin       |     7 |       |       |       |       ||     7
       Chain mail        |     5 |    48 |       |       |       ||    53
       Skin              |     4 |       |       |       |       ||     4
       Plate armour      |       |       |   159 |   471 |   466 ||  1096
Dodge: Dodged            |    41 |    56 |   130 |   327 |   456 ||  1010
Block: Other             |       |       |    25 |   141 |       ||   166
       Reflection        |       |       |     2 |     6 |    18 ||    26
       Buckler           |       |       |       |    18 |   457 ||   475
